 Dungeon Crawl Stone Soup version 0.26-a0-649-gf8c6c3aab7 (webtiles) character file.

Game seed: 3197325280788756006

97 Borbozo the Slinger (level 5, -4/34 HPs)
             Began as a Halfling Hunter on Sept 26, 2020.
             Was an Initiate of Okawaru.
             Slain by Grinder (6 damage)
             ... on level 3 of the Dungeon.
             The game lasted 00:22:49 (2664 turns).

Borbozo the Slinger (Halfling Hunter)               Turns: 2664, Time: 00:22:50

Health: -4/34      AC:  3    Str: 19    XL:     5   Next: 0%
Magic:  5/5        EV: 15    Int:  9    God:    Okawaru [......]
Gold:   117        SH:  0    Dex: 16    Spells: 4/4 levels left

rFire    . . .     SeeInvis .   y - +3 dagger
rCold    . . .     Faith    .   (shield restricted)
rNeg     . . .     Spirit   .   c - +0 leather armour
rPois    .         Reflect  .   (no helmet)
rElec    .         Harm     .   (no cloak)
rCorr    .         Rampage  .   (no gloves)
MR       .....                  (no boots)
Stlth    ++........             (no amulet)
HPRegen  0.11/turn              v - +6 ring of strength
MPRegen  0.09/turn              (no ring)

@: no status effects
A: small, mutation resistance 1
a: Renounce Religion


You were on level 3 of the Dungeon.
You worshipped Okawaru.
Okawaru was noncommittal.
You visited 1 branch of the dungeon, and saw 3 of its levels.

You collected 117 gold pieces.

Inventory:

Hand Weapons
 a - a +1 hunting sling
 b - a +0 short sword
 l - a +0 dagger
 y - a +3 dagger (weapon)
Missiles
 d - 7 sling bullets
 e - 156 stones (quivered)
 h - 31 arrows
 u - 12 boomerangs
Armour
 c - a +0 leather armour (worn)
 n - a +1 chain mail of fire resistance
Jewellery
 v - a +6 ring of strength (left hand)
Scrolls
 g - 4 scrolls of remove curse
 i - a scroll of enchant weapon {unknown}
 j - 2 scrolls of fog {unknown}
 k - 2 scrolls of immolation
 q - a scroll of teleportation
 r - 2 scrolls of enchant armour {unknown}
 w - 3 scrolls of magic mapping
Potions
 f - a potion of ambrosia {unknown}
 m - a potion of stabbing {unknown}
 o - 3 potions of mutation {unknown}
 s - a potion of heal wounds {unknown}
 t - a potion of magic {unknown}
 x - a potion of invisibility {unknown}
 z - a potion of flight {unknown}


   Skills:
 + Level 2.0 Fighting
 + Level 8.0 Slings
 + Level 1.3 Armour
 + Level 2.3 Dodging
 + Level 1.1 Stealth


You had 4 spell levels left.
You didn't know any spells.
Your spell library was empty.

Dungeon Overview and Level Annotations

Branches:
Dungeon (3/15)

Altars:
Gozag
Makhleb
Okawaru
Wu Jian
Xom
Yredelemnul

Shops:
D:3 *

Annotations:
D:3 Grinder, Terence


Innate Abilities, Weirdness & Mutations

You are small and have problems with some larger weapons.
You are somewhat resistant to further mutation.


Message History

Grinder gestures at you.
You barely resist.
Firing (i - inventory. (/) - cycle)
d - 9 sling bullets (quivered)
Press: ? - help, Shift-Dir - straight line, f/p - Grinder
Aim: Grinder (lightly wounded)
You shoot a sling bullet. The sling bullet hits Grinder!
Grinder is moderately wounded.
Firing (i - inventory. (/) - cycle)
d - 8 sling bullets (quivered)
Press: ? - help, Shift-Dir - straight line, f/p - Grinder
Aim: Grinder (moderately wounded)
You shoot a sling bullet. The sling bullet hits Grinder.
Grinder is heavily wounded.
Grinder hits you.
You writhe in agony.
y - a +3 dagger (weapon)
You hit Grinder but do no damage.
Grinder is heavily wounded.
Grinder hits you!
* * * LOW HITPOINT WARNING * * *
You writhe in agony.
You die...

# #### ####.# #..
#....# ##.### #@#
#.... #5# ####..###
##.##### #.......##
#......# #.......##
#..#######.......##
#(............>....
#.###########.#####
#.####### ###.#####
#.(.....( ........#


You could see Grinder.

Vanquished Creatures
  2 adders (D:2)
  An ooze (D:1)
  2 worms (D:2)
  3 dart slugs (D:1)
  5 leopard geckos
  3 giant cockroaches
  2 gnoll zombies (D:2)
  8 goblins
  7 hobgoblins (D:1)
  9 kobolds
  5 bats
  3 frilled lizards
  6 rats
56 creatures vanquished.

Notes
Turn   | Place    | Note
-------+----------+-------------------------------------------
     0 | D:1      | Borbozo the Halfling Hunter began the quest for the Orb.
     0 | D:1      | Reached XP level 1. HP: 14/14 MP: 1/1
    38 | D:1      | Reached skill level 6 in Slings
    41 | D:1      | Reached XP level 2. HP: 13/19 MP: 2/2
   433 | D:1      | Reached XP level 3. HP: 24/24 MP: 3/3
   561 | D:1      | Reached skill level 7 in Slings
  1176 | D:2      | Reached XP level 4. HP: 29/29 MP: 4/4
  1368 | D:2      | Found a basalt altar of Yredelemnul.
  1810 | D:2      | Found an iron altar of Okawaru.
  1813 | D:2      | Reached skill level 1 in Armour
  1829 | D:2      | Became a worshipper of Warmaster Okawaru
  2109 | D:3      | Found an ornate altar of the Wu Jian Council.
  2197 | D:3      | Found Gozag's Platinum Reserve.
  2233 | D:3      | Reached skill level 8 in Slings
  2394 | D:3      | Found an opulent altar of Gozag.
  2527 | D:3      | Found a burning altar of Makhleb.
  2546 | D:3      | Found a shimmering altar of Xom.
  2597 | D:3      | Noticed Terence
  2626 | D:3      | Reached XP level 5. HP: 34/34 MP: 5/5
  2643 | D:3      | Noticed Grinder
  2664 | D:3      | Slain by Grinder

Illustrated notes

Levels and vault maps discovered:
D:1:      wander_arrival_abandoned_jail, layout_basic
D:2:      layout_loops_corners, lemuel_zombie_altar_yredelemnul,
          kennysheep_okawaru_gauntlet
D:3:      layout_basic, old_standard_altar, nicolae_gozag_zags_fifth_avenue,
          lemuel_doored_altar, minmay_door_square, xom_teletrap_fun,
          uniq_terence, uniq_grinder

Skill      XL: |  1  2  3  4 |
---------------+-------------+-----
Slings         | 6 7 8 |  8.0
Fighting       | 2 |  2.0
Armour         | 1 |  1.3
Dodging        | |  2.3
Stealth        | |  1.1

Action                   |  1- 3 |  4- 6 || total
-------------------------+-------+-------++-------
Melee: Dagger            |       |     1 ||     1
 Fire: Hunting sling     |    83 |    76 ||   159
  Use: Scroll            |       |     6 ||     6
Armor: Leather armour    |     5 |       ||     5
Dodge: Dodged            |    17 |    17 ||    34

Table legend: (Time is in decaauts)
 A = Elapsed time spent in this place.
 B = Non-inter-level travel time spent in this place.
 C = Inter-level travel time spent in this place.
 D = Time resting spent in this place.
 E = Time spent auto-exploring this place.
 F = Levels seen in this place.
 G = Mean time per level.
                   A        B        C        D        E       F      G
               +--------+--------+--------+--------+--------+-----+--------+
         Total |   2636 |   2636 |      0 |    210 |      0 |   3 |  878.7 |
       Dungeon |   2636 |   2636 |      0 |    210 |      0 |   3 |  878.7 |
               +--------+--------+--------+--------+--------+-----+--------+

Top non-repeatable levels by time:
     D:1: 1161 daAuts
     D:2: 913 daAuts
     D:3: 561 daAuts
